 Dungeon Crawl Stone Soup version 0.30-a0-840-ga523dec638 (webtiles) character file.

Game seed: 886313151708475793

30 tarna41 the Trooper (level 3, -1/29 HPs)
             Began as a Demonspawn Chaos Knight on Mar 1, 2023.
             Was a Plaything of Xom.
             Slain by Natasha the slime creature (glowing shapeshifter) (12 damage)
             ... on level 2 of the Dungeon.
             The game lasted 00:00:54 (495 turns).

tarna41 the Trooper (Demonspawn Chaos Knight)        Turns: 495, Time: 00:00:55

Health: -1/29      AC:  6    Str: 14    XL:     3   Next: 3%
Magic:  3/3        EV: 11    Int: 13    God:    Xom [.*....]
Gold:   73         SH:  0    Dex: 12    Spells: 2/2 levels left

rFire   . . .      SeeInvis .    a - +0 spear (chaos)
rCold   . . .      Faith    .    (no shield)
rNeg    . . .      Spirit   .    b - +3 leather armour
rPois   +          Reflect  .    (helmet restricted)
rElec   .          Harm     .    (no cloak)
rCorr   .          Rampage  .    (no gloves)
Will    .....                    (no boots)
Stlth   +                        (no amulet)
HPRegen 0.24/turn                e - ring of poison resistance
MPRegen 0.08/turn                (no ring)

@: brilliant
A: horns 1, weakness stinger 1
a: Renounce Religion


You were on level 2 of the Dungeon.
You worshipped Xom.
You were a plaything of Xom.
You visited 1 branch of the dungeon, and saw 2 of its levels.

You collected 73 gold pieces.

Inventory:

Hand Weapons
 a - a +0 spear of chaos (weapon)
Armour
 b - a +3 leather armour (worn)
Jewellery
 e - a ring of poison resistance (left hand)
Scrolls
 h - a scroll of fear {unknown}
 i - a scroll of enchant armour
 k - a scroll of poison {unknown}
Potions
 d - a potion of curing {unknown}
 j - a potion of heal wounds {unknown}
Miscellaneous
 c - a piece from Xom's chessboard (15/15) (quivered)


   Skills:
 + Level 3.3 Fighting
 + Level 3.0 Polearms
 + Level 2.2 Armour
 + Level 1.4 Dodging


You had 2 spell levels left.
You didn't know any spells.
Your spell library contained the following spells:

 Spells                   Type           Power      Damage    Failure   Level
 Sting                    Tmut/Pois      0%         1d3       36%         1
 Poisonous Vapours        Pois/Air       0%         N/A       50%         2
 Olgreb's Toxic Radiance  Pois           0%         N/A       98%         4


Dungeon Overview and Level Annotations

Branches:
Dungeon (2/15)

Altars:

Annotations:
D:2 Natasha


Innate Abilities, Weirdness & Mutations

You have a pair of small horns on your head.
You have a small tail.


Message History

Natasha claws you but does no damage.
You have reached level 3!
Your experience leads to an increase in your attributes!
Increase (S)trength, (I)ntelligence, or (D)exterity?
You feel stronger. x2; Your demonic ancestry asserts itself...
A pair of horns grows on your head!
You hit Natasha.
Natasha seems to slow down.
You headbutt Natasha, but do no damage.
Your tail-slap misses Natasha.
Natasha is moderately wounded.
You hit Natasha.
Natasha is heavily wounded.
The crimson imp hits you but does no damage.
Natasha claws you but does no damage.
You hit Natasha.
Natasha changes into a glowing shapeshifter!
Xom roars with laughter!
Natasha is lightly wounded.
Natasha the glowing shapeshifter changes into a slime creature!
The crimson imp hits you but does no damage.
You hit Natasha but do no damage.
The crimson imp hits you but does no damage.
You hit Natasha. You freeze Natasha.
Natasha is lightly wounded. "Go forth and destroy!"
You feel much better.
You are now a plaything of Xom.
Natasha hits you!!
Ouch! That really hurt!
A shower of butterflies erupts from you!
The crimson imp closely misses you.
You hit Natasha. You freeze Natasha.
You tail-slap Natasha, but do no damage.
You punch Natasha, but do no damage.
Natasha is lightly wounded.
Natasha closely misses you. The crimson imp closely misses you.
You hit Natasha.
Natasha seems to grow stronger.
You headbutt Natasha.
Natasha is moderately wounded.
Natasha hits you!
You die...
Xom cackles wildly!

,....*****,,,,,*
.,...,,,,###*..#######
.....,,,,...,,..$....#
,..,,,,,,*...,?......#
,,.,,,,,,**...#b.....#
.,,,,,,,,***#.#......#
,,,,,,,,<* *...b....#
,,,,,,,,,* **#b†J.b.#
,,,,,,,,,* #.@5...#
,,,,,,,,,* #..b...#
********** #...?..#
#..[...# ########


You could see Natasha the slime creature shaped shifter (strong, ally target)
and a crimson imp (summoned).

Vanquished Creatures
  2 dart slugs
  An endoplasm (D:1)
  A giant cockroach (D:1)
  4 goblins (D:1)
  3 hobgoblins
  3 jackals (D:1)
  2 ball pythons (D:1)
  2 bats (D:1)
  2 frilled lizards (D:1)
  3 kobolds
  2 rats (D:1)
25 creatures vanquished.

Notes
Turn   | Place    | Note
-------+----------+-------------------------------------------
     0 | D:1      | tarna41 the Demonspawn Chaos Knight began the quest for the
                  | Orb.
     0 | D:1      | Reached XP level 1. HP: 18/18 MP: 1/1
    32 | D:1      | Reached skill level 1 in Dodging
    92 | D:1      | Discovered your monstrous ancestry.
    92 | D:1      | Gained mutation: You have a small tail. [demonic ancestry]
    92 | D:1      | Reached XP level 2. HP: 24/24 MP: 2/2
   474 | D:2      | XOM: potion effect (brilliance)
   483 | D:2      | Noticed Natasha
   487 | D:2      | Noticed a crimson imp
   489 | D:2      | Gained mutation: You have a pair of small horns on your
                  | head. [demonic ancestry]
   489 | D:2      | Reached XP level 3. HP: 21/29 MP: 3/3
   491 | D:2      | Natasha changed into Natasha the glowing shapeshifter
   491 | D:2      | Noticed Natasha (glowing shapeshifter)
   491 | D:2      | Natasha the glowing shapeshifter changed into Natasha the
                  | slime creature
   491 | D:2      | Noticed Natasha (glowing shapeshifter)
   493 | D:2      | XOM: potion effect (heal wounds)
   493 | D:2      | XOM: butterfly on damage
   495 | D:2      | Slain by Natasha the slime creature (glowing shapeshifter)

Illustrated notes

Levels and vault maps discovered:
D:1:      dpeg_arrival_rooms_with_view, layout_rooms
D:2:      layout_rooms, uniq_natasha

Skill      XL: |  1  2 |
---------------+-------+-----
Dodging        | 1 |  1.4
Armour         | 2 |  2.2
Polearms       | 3 |  3.0
Fighting       | |  3.3

Action                     || total
---------------------------++-------
  Melee: Spear             ||    84
         Tailslap          ||     3
         Headbutt          ||     2
         Punch             ||     1
    Use: Scroll            ||     3
   Stab: Paralysed         ||     3
 Armour: Leather armour    ||    24
  Dodge: Dodged            ||    41

Table legend: (Time is in decaauts)
 A = Elapsed time spent in this place.
 B = Non-inter-level travel time spent in this place.
 C = Inter-level travel time spent in this place.
 D = Time resting spent in this place.
 E = Time spent auto-exploring this place.
 F = Levels seen in this place.
 G = Mean time per level.
                   A        B        C        D        E       F      G
               +--------+--------+--------+--------+--------+-----+--------+
         Total |    491 |    481 |     10 |      0 |    339 |   2 |  245.5 |
       Dungeon |    491 |    481 |     10 |      0 |    339 |   2 |  245.5 |
               +--------+--------+--------+--------+--------+-----+--------+

Top non-repeatable levels by time:
     D:1: 450 daAuts
     D:2: 40 daAuts
